Workbook

Sheet RESUMEN
D8: FUNCIONAMIENTO | E8: 37055.371
D9: INVERSION | E9: 532000
D23: GASTOS DE FUNCIONAMIENTO - COMPROMISOS PRESUPUESTALES
D24: en miles de $
E25: ENERO | F25: FEBRERO | G25: MARZO | H25: ABRIL | I25: MAYO | J25: JUNIO
D26: SERVICOS PERSONALES | E26: =SUM('ENERO -PROYECTO'!H6:H8)/1000 -> 1145563.5 | F26: =SUM('FEBRERO - PROYECTO'!H6:H8)/1000 -> 1165789.4 | G26: =SUM('MARZO - PROYECTO'!H6:H8)/1000 -> 1210188.4 | H26: =SUM('ABRIL - PROYECTO'!H6:H8)/1000 -> 1253526.3 | I26: =SUM('MAYO - PROYECTO'!H6:H8)/1000 -> 1162198.7 | J26: =SUM('JUNIO-PROYECTO'!H6:H8)/1000 -> 1844752.3
D27: GASTOS GENERALES | E27: =SUM('ENERO -PROYECTO'!H9:H10)/1000 -> 1420364.5 | F27: =SUM('FEBRERO - PROYECTO'!H9:H10)/1000 -> 1352865.3 | G27: =SUM('MARZO - PROYECTO'!H9:H10)/1000 -> 252931.58 | H27: =SUM('ABRIL - PROYECTO'!H9:H10)/1000 -> 46032.816 | I27: =SUM('MAYO - PROYECTO'!H9:H10)/1000 -> 178389.87 | J27: =SUM('JUNIO-PROYECTO'!H9:H10)/1000 -> 129517.92
D28: TRANSFERENCIAS | E28: =SUM('ENERO -PROYECTO'!H11:H17)/1000 -> 840205.01 | F28: =SUM('FEBRERO - PROYECTO'!H11:H17)/1000 -> 1540859.5 | G28: =SUM('MARZO - PROYECTO'!H11:H17)/1000 -> 1503497.5 | H28: =SUM('ABRIL - PROYECTO'!H11:H16)/1000 -> 1067118.6 | I28: =SUM('MAYO - PROYECTO'!H11:H13)/1000 -> 1070345.2 | J28: =SUM('JUNIO-PROYECTO'!H11:H13)/1000 -> 1758378.8
C47: GASTOS DE INVERSION - COMPROMISOS PRESUPUESTALES
C48: en miles de $
E49: ENERO | F49: FEBRERO | G49: MARZO | H49: ABRIL | I49: MAYO | J49: JUNIO
C50: C-4301-1604-8 | D50: APOYO A LA EDUCACIÓN FÍSICA EXTRAESCOLAR Y EL DEPORTE FORMATIVO PARA LA INFANCIA, ADOLESCENCIA Y JUVENTUD A NIVEL NACIONAL | E50: =+'ENERO -PROYECTO'!H19 -> 0 | F50: =+'FEBRERO - PROYECTO'!H19/1000 -> 257.524 | G50: =+'MARZO - PROYECTO'!H19/1000 -> 405986.15 | H50: =+'ABRIL - PROYECTO'!H19/1000 -> 378257.52 | I50: =+'MAYO - PROYECTO'!H19/1000 -> 21384803 | J50: =+'JUNIO-PROYECTO'!H19/1000 -> 3433603.1
C51: C-4301-1604-9 | D51: DESARROLLO DE LA ACTIVIDAD FÍSICA Y LOS HÁBITOS Y ESTILOS DE VIDA SALUDABLE A NIVEL NACIONAL | E51: 0 | F51: =+'FEBRERO - PROYECTO'!H20/1000 -> 2472.098 | G51: =+'MARZO - PROYECTO'!H20/1000 -> 175347.54 | H51: =+'ABRIL - PROYECTO'!H20/1000 -> 2186117 | I51: =+'MAYO - PROYECTO'!H20/1000 -> 3613222.3 | J51: =+'JUNIO-PROYECTO'!H20/1000 -> 136492.63
C52: C-4301-1604-10 | D52: DESARROLLO DE LA RECREACIÓN A NIVEL NACIONAL | E52: 0 | F52: 0 | G52: =+'MARZO - PROYECTO'!H21/1000 -> 226817.57 | H52: =+'ABRIL - PROYECTO'!H21/1000 -> 1806488.6 | I52: =+'MAYO - PROYECTO'!H21/1000 -> 1439071.7 | J52: =+'JUNIO-PROYECTO'!H21/1000 -> 1594709.3
C53: C-4301-1604-11 | D53: DESARROLLO AL DEPORTE SOCIAL COMUNITARIO NACIONAL | E53: 0 | F53: =+'FEBRERO - PROYECTO'!H22/1000 -> 1282.062 | G53: =+'MARZO - PROYECTO'!H22/1000 -> 291764.19 | H53: =+'ABRIL - PROYECTO'!H22/1000 -> 804220.63 | I53: =+'MAYO - PROYECTO'!H22/1000 -> 2355522.8 | J53: =+'JUNIO-PROYECTO'!H22/1000 -> 2133219.6
C54: C-4301-1604-12 | D54: DESARROLLO DEL DEPORTE ESCOLAR COMO HERRAMIENTA DE CONVIVENCIA Y PAZ NACIONAL | E54: 0 | F54: 0 | G54: =+'MARZO - PROYECTO'!H23/1000 -> 178640.39 | H54: =+'ABRIL - PROYECTO'!H23/1000 -> 1698176.3 | I54: =+'MAYO - PROYECTO'!H23/1000 -> 2799313.6 | J54: =+'JUNIO-PROYECTO'!H23/1000 -> 202003.05
C55: C-4302-1604-16 | D55: APOYO A LA INFRAESTRUCTURA DEPORTIVA, RECREATIVA Y DE LA ACTIVIDAD FÍSICA A NIVEL NACIONAL | E55: =+'ENERO -PROYECTO'!H24/1000 -> 157000000 | F55: =+'FEBRERO - PROYECTO'!H24/1000 -> 1639642.7 | G55: =+'MARZO - PROYECTO'!H24/1000 -> 336963.74 | H55: =+'ABRIL - PROYECTO'!H24/1000 -> 303349.49 | I55: =+'MAYO - PROYECTO'!H24/1000 -> 308910.81 | J55: =+'JUNIO-PROYECTO'!H24/1000 -> 119361.49
C56: C-4302-1604-17 | D56: APOYO A LA INFRAESTRUCTURA DE ALTA COMPETENCIA A NIVEL NACIONAL | E56: 0 | F56: =+'FEBRERO - PROYECTO'!H25/1000 -> 19425387 | G56: =+'MARZO - PROYECTO'!H25/1000 -> 4042792.2 | H56: =+'ABRIL - PROYECTO'!H25/1000 -> 17698002 | I56: =+'MAYO - PROYECTO'!H25/1000 -> 1432495.6 | J56: =+'JUNIO-PROYECTO'!H25/1000 -> 24051.996
C57: C-4302-1604-18 | D57: DESARROLLO DEL SISTEMA PARALÍMPICO PARA EL POSICIONAMIENTO Y LIDERAZGO DEPORTIVO NACIONAL | E57: 0 | F57: =+'FEBRERO - PROYECTO'!H26/1000 -> 2918195.9 | G57: =+'MARZO - PROYECTO'!H26/1000 -> 1721939.3 | H57: =+'ABRIL - PROYECTO'!H26/1000 -> 245889.37 | I57: =+'MAYO - PROYECTO'!H26/1000 -> 377262.92 | J57: =+'JUNIO-PROYECTO'!H26/1000 -> 1228786.2
C58: C-4302-1604-19 | D58: DESARROLLO AL DEPORTE DEL SISTEMA OLÍMPICO Y CONVENCIONAL PARA EL POSICIONAMIENTO Y LIDERAZGO DEPORTIVO NACIONAL | E58: =+'ENERO -PROYECTO'!H27/1000 -> 5200000 | F58: =+'FEBRERO - PROYECTO'!H27/1000 -> 6742789.2 | G58: =+'MARZO - PROYECTO'!H27/1000 -> 22937034 | H58: =+'ABRIL - PROYECTO'!H27/1000 -> 6397821.7 | I58: =+'MAYO - PROYECTO'!H27/1000 -> 7023037.2 | J58: =+'JUNIO-PROYECTO'!H27/1000 -> 1902190
C59: C-4302-1604-20 | D59: DESARROLLO DE POLÍTICAS PÚBLICAS E INVESTIGACIÓN SECTORIAL A NIVEL NACIONAL | E59: 0 | F59: =+'FEBRERO - PROYECTO'!H28/1000 -> 42842.8 | G59: =+'MARZO - PROYECTO'!H28/1000 -> 139642.62 | H59: =+'ABRIL - PROYECTO'!H28/1000 -> 16000 | I59: =+'MAYO - PROYECTO'!H28/1000 -> 123384.06 | J59: =+'JUNIO-PROYECTO'!H28/1000 -> 3470.655
C60: C-4302-1604-21 | D60: ASISTENCIA A LA COOPERACIÓN INTERNACIONAL DEL SECTOR A NIVEL NACIONAL | E60: 0 | F60: 0 | G60: =+'MARZO - PROYECTO'!H29/1000 -> 131811.84 | H60: 0 | I60: =+'MAYO - PROYECTO'!H29/1000 -> 0 | J60: =+'JUNIO-PROYECTO'!H29/1000 -> 1591.921
C61: C-4302-1604-22 | D61: APOYO A LA ORGANIZACIÓN DE EVENTOS DEPORTIVOS PARA LA PREPARACIÓN DE ATLETAS Y LA PROMOCIÓN DEL DEPORTE NACIONAL | E61: 0 | F61: =+'FEBRERO - PROYECTO'!H30/1000 -> 1354.587 | G61: =+'MARZO - PROYECTO'!H30/1000 -> 392010.87 | H61: =+'ABRIL - PROYECTO'!H30/1000 -> 28447305 | I61: =+'MAYO - PROYECTO'!H30/1000 -> 423201.65 | J61: =+'JUNIO-PROYECTO'!H30/1000 -> 1283753.5
C62: C-4302-1604-23 | D62: APOYO A LA INSPECCIÓN, VIGILANCIA Y CONTROL A NIVEL NACIONAL | E62: 0 | F62: =+'FEBRERO - PROYECTO'!H31/1000 -> 4083.261 | G62: =+'MARZO - PROYECTO'!H31/1000 -> 182909.8 | H62: =+'ABRIL - PROYECTO'!H31/1000 -> 377837 | I62: =+'MAYO - PROYECTO'!H31/1000 -> 204412.54 | J62: =+'JUNIO-PROYECTO'!H31/1000 -> 169235.43
C63: C-4302-1604-24 | D63: APOYO AL PROGRAMA AL CONTROL DOPAJE NACIONAL | E63: 0 | F63: 0 | G63: =+'MARZO - PROYECTO'!H32/1000 -> 91062.5 | H63: =+'ABRIL - PROYECTO'!H32/1000 -> 1318375 | I63: =+'MAYO - PROYECTO'!H32/1000 -> 1230.901 | J63: =+'JUNIO-PROYECTO'!H32/1000 -> 1007.04
C64: C-4302-1604-25 | D64: DESARROLLO AL LABORATORIO DEL CONTROL AL DOPAJE NACIONAL | E64: 0 | F64: =+'FEBRERO - PROYECTO'!H33/1000 -> 312530.4 | G64: =+'MARZO - PROYECTO'!H33/1000 -> 219787.4 | H64: =+'ABRIL - PROYECTO'!H33/1000 -> 224224.55 | I64: =+'MAYO - PROYECTO'!H33/1000 -> 3111.406 | J64: =+'JUNIO-PROYECTO'!H33/1000 -> 373989.51
C65: C-4399-1604-7 | D65: IMPLEMENTACIÓN DE LAS TECNOLOGÍAS DE LA INFORMACIÓN Y COMUNICACIÓN PARA EL SISTEMA NACIONAL DEL DEPORTE A NIVEL NACIONAL | E65: 0 | F65: 0 | G65: =+'MARZO - PROYECTO'!H34/1000 -> 200168.47 | H65: =+'ABRIL - PROYECTO'!H34/1000 -> 1305.1422 | I65: =+'MAYO - PROYECTO'!H34/1000 -> 98312.609 | J65: =+'JUNIO-PROYECTO'!H34/1000 -> 134259.17
C66: C-4399-1604-8 | D66: MEJORAMIENTO SEDES COLDEPORTES BOGOTÁ | E66: 0 | F66: =+'FEBRERO - PROYECTO'!H35/1000 -> 92195.355 | G66: =+'MARZO - PROYECTO'!H35/1000 -> 872834.28 | H66: =+'ABRIL - PROYECTO'!H35/1000 -> 1558989.6 | I66: =+'MAYO - PROYECTO'!H35/1000 -> 88111.852 | J66: =+'JUNIO-PROYECTO'!H35/1000 -> 71940.982
C67: C-4399-1604-9 | D67: APOYO AL FORTALECIMIENTO DEL SECTOR A NIVEL NACIONAL | E67: 0 | F67: =+'FEBRERO - PROYECTO'!H36/1000 -> 541780.64 | G67: =+'MARZO - PROYECTO'!H36/1000 -> 80299.983 | H67: =+'ABRIL - PROYECTO'!H36/1000 -> 280259.5 | I67: =+'MAYO - PROYECTO'!H36/1000 -> 205257.51 | J67: =+'JUNIO-PROYECTO'!H36/1000 -> 105744.55
D68: TOTALES MENSUALES | E68: =SUM(E50:E67) -> 162200000 | F68: =SUM(F50:F67) -> 31724814 | G68: =SUM(G50:G67) -> 32627813 | H68: =SUM(H50:H67) -> 63742618 | I68: =SUM(I50:I67) -> 41880663 | J68: =SUM(J50:J67) -> 12919410 | K68: =SUM(E68:J68) -> 3.4509532e+08
D69: TOTAL GENERAL | J69: =SUM(E68:J68) -> 3.4509532e+08 | K69: =+K68+K28 -> 3.4509532e+08

Sheet ACUMULADO A JUNI -X PROYECTO
B1: 2019
B2: Actual
B3: Enero-Junio
B4: RUBRO | C4: DESCRIPCION | D4: APR. VIGENTE | E4: APR BLOQUEADA | F4: CDP | G4: APR. DISPONIBLE | H4: COMPROMISO | I4: OBLIGACION | J4: PAGOS
C5: FUNCINAMIENTO | D5: =SUM(D6:D17) -> 37055371065 | E5: =SUM(E6:E17) -> 0 | F5: =SUM(F6:F17) -> 1.9589823e+10 | G5: =SUM(G6:G17) -> 1.7465548e+10 | H5: =SUM(H6:H17) -> 1.8942525e+10 | I5: =SUM(I6:I17) -> 1.7320435e+10 | J5: =SUM(J6:J17) -> 1.7264445e+10
B6: A-01-01-01 | C6: SALARIO | D6: 11589000000 | E6: 0 | F6: 5088093377 | G6: 6500906623 | H6: 5088093377 | I6: 5086060554 | J6: 5086060554
B7: A-01-01-02 | C7: CONTRIBUCIONES INHERENTES A LA NÓMINA | D7: 3935000000 | E7: 0 | F7: 1884035713 | G7: 2050964287 | H7: 1884035713 | I7: 1868895616 | J7: 1868895616
B8: A-01-01-03 | C8: REMUNERACIONES NO CONSTITUTIVAS DE FACTOR SALARIAL | D8: 1337000000 | E8: 0 | F8: 809889467 | G8: 527110533 | H8: 809889467 | I8: 806487230 | J8: 751023574
B9: A-02-01 | C9: ADQUISICIÓN DE ACTIVOS NO FINANCIEROS | D9: 10000000 | E9: 0 | F9: 9000000 | G9: 1000000 | H9: 2772113 | I9: 2772113 | J9: 2772113
B10: A-02-02 | C10: ADQUISICIONES DIFERENTES DE ACTIVOS | D10: 4202371065 | E10: 0 | F10: 4018400122 | G10: 183970943 | H10: 3.3773298e+09 | I10: 1.9871664e+09 | J10: 1.9866399e+09
B11: A-03-03-04-048 | C11: ESCUELA NACIONAL DEL DEPORTE - ART. 51 DECRETO 2845 DE 1984 | D11: 14085000000 | E11: 0 | F11: 6.8392779e+09 | G11: 7.2457221e+09 | H11: 6.8392779e+09 | I11: 6.8392779e+09 | J11: 6.8392779e+09
B12: A-03-04-02-001 | C12: MESADAS PENSIONALES (DE PENSIONES) | D12: 1153000000 | E12: 0 | F12: 4.6896196e+08 | G12: 6.8403804e+08 | H12: 4.6896196e+08 | I12: 2.7476881e+08 | J12: 2.7476881e+08
B13: A-03-04-02-012 | C13: INCAPACIDADES Y LICENCIAS DE MATERNIDAD Y PATERNIDAD (NO DE PENSIONES) | D13: 56000000 | E13: 0 | F13: 55332592 | G13: 667408 | H13: 55332592 | I13: 38174716 | J13: 38174716
B14: A-03-10-01-001 | C14: SENTENCIAS | D14: 91000000 | E14: 0 | F14: 0 | G14: 91000000 | H14: 0 | I14: 0 | J14: 0
B15: A-08-01 | C15: IMPUESTOS | D15: 10000000 | E15: 0 | F15: 0 | G15: 10000000 | H15: 0 | I15: 0 | J15: 0
B16: A-08-03 | C16: TASAS Y DERECHOS ADMINISTRATIVOS | D16: 10000000 | E16: 0 | F16: 0 | G16: 10000000 | H16: 0 | I16: 0 | J16: 0
B17: A-08-04-01 | C17: CUOTA DE FISCALIZACIÓN Y AUDITAJE | D17: 577000000 | E17: 0 | F17: 416832085 | G17: 160167915 | H17: 416832085 | I17: 416832085 | J17: 416832085
C18: INVERSION | D18: =SUM(D19:D36) -> 532000000000 | E18: =SUM(E19:E36) -> 70000000000 | F18: =SUM(F19:F36) -> 3.8155702e+11 | G18: =SUM(G19:G36) -> 8.0442976e+10 | H18: =SUM(H19:H36) -> 3.4509532e+11 | I18: =SUM(I19:I36) -> 8.4281811e+10 | J18: =SUM(J19:J36) -> 8.4193031e+10
B19: C-4301-1604-8 | C19: APOYO A LA EDUCACIÓN FÍSICA EXTRAESCOLAR Y EL DEPORTE FORMATIVO PARA LA INFANCIA, ADOLESCENCIA Y JUVENTUD A NIVEL NACIONAL | D19: 73269266052 | E19: 42569266052 | F19: 26407712449 | G19: 4292287551 | H19: 25602907433 | I19: 6361036126 | J19: 6361036126
B20: C-4301-1604-9 | C20: DESARROLLO DE LA ACTIVIDAD FÍSICA Y LOS HÁBITOS Y ESTILOS DE VIDA SALUDABLE A NIVEL NACIONAL | D20: 8750000000 | E20: 0 | F20: 6671333548 | G20: 2078666452 | H20: 6113651568 | I20: 1944829613 | J20: 1944829613
B21: C-4301-1604-10 | C21: DESARROLLO DE LA RECREACIÓN A NIVEL NACIONAL | D21: 8403000000 | E21: 0 | F21: 6982087160 | G21: 1420912840 | H21: 5067087160 | I21: 285378611 | J21: 258222114
B22: C-4301-1604-11 | C22: DESARROLLO AL DEPORTE SOCIAL COMUNITARIO NACIONAL | D22: 7782000000 | E22: 0 | F22: 6026410869 | G22: 1755589131 | H22: 5586009307 | I22: 1002139391 | J22: 1002139391
B23: C-4301-1604-12 | C23: DESARROLLO DEL DEPORTE ESCOLAR COMO HERRAMIENTA DE CONVIVENCIA Y PAZ NACIONAL | D23: 9230000000 | E23: 0 | F23: 5953173380 | G23: 3276826620 | H23: 4878133380 | I23: 435527699 | J23: 435527699
B24: C-4302-1604-16 | C24: APOYO A LA INFRAESTRUCTURA DEPORTIVA, RECREATIVA Y DE LA ACTIVIDAD FÍSICA A NIVEL NACIONAL | D24: 175651000000 | E24: 0 | F24: 1.6871706e+11 | G24: 6.9339429e+09 | H24: 1.5970823e+11 | I24: 19261930271 | J24: 19261930271
B25: C-4302-1604-17 | C25: APOYO A LA INFRAESTRUCTURA DE ALTA COMPETENCIA A NIVEL NACIONAL | D25: 62490000000 | E25: 6500000000 | F25: 44737744590 | G25: 11252255410 | H25: 42622728529 | I25: 7806786366 | J25: 7806786366
B26: C-4302-1604-18 | C26: DESARROLLO DEL SISTEMA PARALÍMPICO PARA EL POSICIONAMIENTO Y LIDERAZGO DEPORTIVO NACIONAL | D26: 13299733948 | E26: 1266283948 | F26: 8679341082 | G26: 3354108918 | H26: 6492073653 | I26: 3272885221 | J26: 3272885221
B27: C-4302-1604-19 | C27: DESARROLLO AL DEPORTE DEL SISTEMA OLÍMPICO Y CONVENCIONAL PARA EL POSICIONAMIENTO Y LIDERAZGO DEPORTIVO NACIONAL | D27: 96155000000 | E27: 19664450000 | F27: 60826396408 | G27: 15664153592 | H27: 50202872305 | I27: 26670345625 | J27: 26639556834
B28: C-4302-1604-20 | C28: DESARROLLO DE POLÍTICAS PÚBLICAS E INVESTIGACIÓN SECTORIAL A NIVEL NACIONAL | D28: 1000000000 | E28: 0 | F28: 325340130 | G28: 674659870 | H28: 325340130 | I28: 131427875 | J28: 131427875
B29: C-4302-1604-21 | C29: ASISTENCIA A LA COOPERACIÓN INTERNACIONAL DEL SECTOR A NIVEL NACIONAL | D29: 1200000000 | E29: 0 | F29: 1073603758 | G29: 126396242 | H29: 133403758 | I29: 43995170 | J29: 43995170
B30: C-4302-1604-22 | C30: APOYO A LA ORGANIZACIÓN DE EVENTOS DEPORTIVOS PARA LA PREPARACIÓN DE ATLETAS Y LA PROMOCIÓN DEL DEPORTE NACIONAL | D30: 45620000000 | E30: 0 | F30: 32830625784 | G30: 12789374216 | H30: 30547625774 | I30: 14795287835 | J30: 14795287835
... B36: C-4399-1604-9 | C36: APOYO AL FORTALECIMIENTO DEL SECTOR A NIVEL NACIONAL | D36: 5950000000 | E36: 0 | F36: 1351497640 | G36: 4598502360 | H36: 1213342188 | I36: 369609503 | J36: 369609503
C37: TOTAL PRESUPUESTO | D37: =+D18+D5 -> 569055371065 | E37: =+E18+E5 -> 70000000000 | F37: =+F18+F5 -> 4.0114685e+11 | G37: =+G18+G5 -> 9.7908524e+10 | H37: =+H18+H5 -> 3.6403784e+11 | I37: =+I18+I5 -> 1.0160225e+11 | J37: =+J18+J5 -> 1.0145748e+11

Sheet ENERO -PROYECTO
B1: 2019
B2: Actual
B3: Enero-Enero
B4: RUBRO | C4: DESCRIPCION | D4: APR. VIGENTE | E4: APR BLOQUEADA | F4: CDP | G4: APR. DISPONIBLE | H4: COMPROMISO | I4: OBLIGACION | J4: PAGOS
C5: FUNCI0NAMIENTO | D5: =SUM(D6:D17) -> 37055371065 | E5: =SUM(E6:E17) -> 0 | F5: =SUM(F6:F17) -> 4891871832 | G5: =SUM(G6:G17) -> 32163499233 | H5: =SUM(H6:H17) -> 3.406133e+09 | I5: =SUM(I6:I17) -> 1.6462257e+09 | J5: =SUM(J6:J17) -> 1.6462257e+09
B6: A-01-01-01 | C6: SALARIO | D6: 11589000000 | E6: 0 | F6: 747324685 | G6: 10841675315 | H6: 747324685 | I6: 747324685 | J6: 747324685
B7: A-01-01-02 | C7: CONTRIBUCIONES INHERENTES A LA NÓMINA | D7: 3935000000 | E7: 0 | F7: 301083723 | G7: 3633916277 | H7: 301083723 | I7: 298280923 | J7: 298280923
B8: A-01-01-03 | C8: REMUNERACIONES NO CONSTITUTIVAS DE FACTOR SALARIAL | D8: 1337000000 | E8: 0 | F8: 97155091 | G8: 1239844909 | H8: 97155091 | I8: 97155091 | J8: 97155091
B9: A-02-01 | C9: ADQUISICIÓN DE ACTIVOS NO FINANCIEROS | D9: 10000000 | E9: 0 | F9: 0 | G9: 10000000 | H9: 0 | I9: 0 | J9: 0
B10: A-02-02 | C10: ADQUISICIONES DIFERENTES DE ACTIVOS | D10: 3952371065 | E10: 0 | F10: 2895443839 | G10: 1056927226 | H10: 1.4203645e+09 | I10: 58103721 | J10: 58103721
B11: A-03-03-04-048 | C11: ESCUELA NACIONAL DEL DEPORTE - ART. 51 DECRETO 2845 DE 1984 | D11: 14085000000 | E11: 0 | F11: 0 | G11: 14085000000 | H11: 0 | I11: 0 | J11: 0
B12: A-03-04-02-001 | C12: MESADAS PENSIONALES (DE PENSIONES) | D12: 1403000000 | E12: 0 | F12: 431984112 | G12: 971015888 | H12: 421324627 | I12: 26480930 | J12: 26480930
B13: A-03-04-02-012 | C13: INCAPACIDADES Y LICENCIAS DE MATERNIDAD Y PATERNIDAD (NO DE PENSIONES) | D13: 56000000 | E13: 0 | F13: 2048297 | G13: 53951703 | H13: 2048297 | I13: 2048297 | J13: 2048297
B14: A-03-10-01-001 | C14: SENTENCIAS | D14: 91000000 | E14: 0 | F14: 0 | G14: 91000000 | H14: 0 | I14: 0 | J14: 0
B15: A-08-01 | C15: IMPUESTOS | D15: 10000000 | E15: 0 | F15: 0 | G15: 10000000 | H15: 0 | I15: 0 | J15: 0
B16: A-08-03 | C16: TASAS Y DERECHOS ADMINISTRATIVOS | D16: 10000000 | E16: 0 | F16: 0 | G16: 10000000 | H16: 0 | I16: 0 | J16: 0
B17: A-08-04-01 | C17: CUOTA DE FISCALIZACIÓN Y AUDITAJE | D17: 577000000 | E17: 0 | F17: 416832085 | G17: 160167915 | H17: 416832085 | I17: 416832085 | J17: 416832085
C18: INVERSION | D18: =SUM(D19:D36) -> 532000000000 | E18: =SUM(E19:E36) -> 250000000000 | F18: =SUM(F19:F36) -> 208616500000 | G18: =SUM(G19:G36) -> 73383500000 | H18: =SUM(H19:H36) -> 162200000000 | I18: =SUM(I19:I36) -> 0 | J18: =SUM(J19:J36) -> 0
B19: C-4301-1604-8 | C19: APOYO A LA EDUCACIÓN FÍSICA EXTRAESCOLAR Y EL DEPORTE FORMATIVO PARA LA INFANCIA, ADOLESCENCIA Y JUVENTUD A NIVEL NACIONAL | D19: 73269266052 | E19: 73269266052 | F19: 0 | G19: 0 | H19: 0 | I19: 0 | J19: 0
B20: C-4301-1604-9 | C20: DESARROLLO DE LA ACTIVIDAD FÍSICA Y LOS HÁBITOS Y ESTILOS DE VIDA SALUDABLE A NIVEL NACIONAL | D20: 8750000000 | E20: 8750000000 | F20: 0 | G20: 0 | H20: 0 | I20: 0 | J20: 0
B21: C-4301-1604-10 | C21: DESARROLLO DE LA RECREACIÓN A NIVEL NACIONAL | D21: 8403000000 | E21: 8403000000 | F21: 0 | G21: 0 | H21: 0 | I21: 0 | J21: 0
B22: C-4301-1604-11 | C22: DESARROLLO AL DEPORTE SOCIAL COMUNITARIO NACIONAL | D22: 7782000000 | E22: 7782000000 | F22: 0 | G22: 0 | H22: 0 | I22: 0 | J22: 0
B23: C-4301-1604-12 | C23: DESARROLLO DEL DEPORTE ESCOLAR COMO HERRAMIENTA DE CONVIVENCIA Y PAZ NACIONAL | D23: 9230000000 | E23: 9230000000 | F23: 0 | G23: 0 | H23: 0 | I23: 0 | J23: 0
B24: C-4302-1604-16 | C24: APOYO A LA INFRAESTRUCTURA DEPORTIVA, RECREATIVA Y DE LA ACTIVIDAD FÍSICA A NIVEL NACIONAL | D24: 175651000000 | E24: 18651000000 | F24: 157000000000 | G24: 0 | H24: 157000000000 | I24: 0 | J24: 0
B25: C-4302-1604-17 | C25: APOYO A LA INFRAESTRUCTURA DE ALTA COMPETENCIA A NIVEL NACIONAL | D25: 62490000000 | E25: 18490000000 | F25: 44000000000 | G25: 0 | H25: 0 | I25: 0 | J25: 0
B26: C-4302-1604-18 | C26: DESARROLLO DEL SISTEMA PARALÍMPICO PARA EL POSICIONAMIENTO Y LIDERAZGO DEPORTIVO NACIONAL | D26: 13299733948 | E26: 5399733948 | F26: 503500000 | G26: 7396500000 | H26: 0 | I26: 0 | J26: 0
B27: C-4302-1604-19 | C27: DESARROLLO AL DEPORTE DEL SISTEMA OLÍMPICO Y CONVENCIONAL PARA EL POSICIONAMIENTO Y LIDERAZGO DEPORTIVO NACIONAL | D27: 96155000000 | E27: 23055000000 | F27: 7113000000 | G27: 65987000000 | H27: 5200000000 | I27: 0 | J27: 0
B28: C-4302-1604-20 | C28: DESARROLLO DE POLÍTICAS PÚBLICAS E INVESTIGACIÓN SECTORIAL A NIVEL NACIONAL | D28: 1000000000 | E28: 1000000000 | F28: 0 | G28: 0 | H28: 0 | I28: 0 | J28: 0
B29: C-4302-1604-21 | C29: ASISTENCIA A LA COOPERACIÓN INTERNACIONAL DEL SECTOR A NIVEL NACIONAL | D29: 1200000000 | E29: 1200000000 | F29: 0 | G29: 0 | H29: 0 | I29: 0 | J29: 0
B30: C-4302-1604-22 | C30: APOYO A LA ORGANIZACIÓN DE EVENTOS DEPORTIVOS PARA LA PREPARACIÓN DE ATLETAS Y LA PROMOCIÓN DEL DEPORTE NACIONAL | D30: 45620000000 | E30: 45620000000 | F30: 0 | G30: 0 | H30: 0 | I30: 0 | J30: 0
... B36: C-4399-1604-9 | C36: APOYO AL FORTALECIMIENTO DEL SECTOR A NIVEL NACIONAL | D36: 5950000000 | E36: 5950000000 | F36: 0 | G36: 0 | H36: 0 | I36: 0 | J36: 0
C37: PRESUPUSTO TOTAL | D37: =+D18+D5 -> 569055371065 | E37: =+E18+E5 -> 250000000000 | F37: =+F18+F5 -> 213508371832 | G37: =+G18+G5 -> 105546999233 | H37: =+H18+H5 -> 1.6560613e+11 | I37: =+I18+I5 -> 1.6462257e+09 | J37: =+J18+J5 -> 1.6462257e+09

Sheet FEBRERO - PROYECTO
B1: 2019
B2: Actual
B3: Febrero
B4: RUBRO | C4: DESCRIPCION | D4: APR. VIGENTE | E4: APR BLOQUEADA | F4: CDP | G4: APR. DISPONIBLE | H4: COMPROMISO | I4: OBLIGACION | J4: PAGOS
C5: FUNCIONAMIENTO | D5: =SUM(D6:D17) -> 37055371065 | E5: =SUM(E6:E17) -> 0 | F5: =SUM(F6:F17) -> 3.398311e+09 | G5: =SUM(G6:G17) -> 3.365706e+10 | H5: =SUM(H6:H17) -> 4.0595141e+09 | I5: =SUM(I6:I17) -> 2.9522929e+09 | J5: =SUM(J6:J17) -> 2.9522929e+09
B6: A-01-01-01 | C6: SALARIO | D6: 11589000000 | E6: 0 | F6: 782104202 | G6: 10806895798 | H6: 782104202 | I6: 782104202 | J6: 782104202
B7: A-01-01-02 | C7: CONTRIBUCIONES INHERENTES A LA NÓMINA | D7: 3935000000 | E7: 0 | F7: 305369802 | G7: 3629630198 | H7: 305369802 | I7: 308074902 | J7: 308074902
B8: A-01-01-03 | C8: REMUNERACIONES NO CONSTITUTIVAS DE FACTOR SALARIAL | D8: 1337000000 | E8: 0 | F8: 78315346 | G8: 1258684654 | H8: 78315346 | I8: 78315346 | J8: 78315346
B9: A-02-01 | C9: ADQUISICIÓN DE ACTIVOS NO FINANCIEROS | D9: 10000000 | E9: 0 | F9: 9000000 | G9: 1000000 | H9: 2500000 | I9: 2500000 | J9: 2500000
B10: A-02-02 | C10: ADQUISICIONES DIFERENTES DE ACTIVOS | D10: 3952371065 | E10: 0 | F10: 693321638 | G10: 3259049427 | H10: 1.3503653e+09 | I10: 1.7595575e+08 | J10: 1.7595575e+08
B11: A-03-03-04-048 | C11: ESCUELA NACIONAL DEL DEPORTE - ART. 51 DECRETO 2845 DE 1984 | D11: 14085000000 | E11: 0 | F11: 1534488509 | G11: 12550511491 | H11: 1534488509 | I11: 1534488509 | J11: 1534488509
B12: A-03-04-02-001 | C12: MESADAS PENSIONALES (DE PENSIONES) | D12: 1403000000 | E12: 0 | F12: -10177680 | G12: 1.4131777e+09 | H12: 481804.6 | I12: 67013253 | J12: 67013253
B13: A-03-04-02-012 | C13: INCAPACIDADES Y LICENCIAS DE MATERNIDAD Y PATERNIDAD (NO DE PENSIONES) | D13: 56000000 | E13: 0 | F13: 5889192 | G13: 50110808 | H13: 5889192 | I13: 3840895 | J13: 3840895
B14: A-03-10-01-001 | C14: SENTENCIAS | D14: 91000000 | E14: 0 | F14: 0 | G14: 91000000 | H14: 0 | I14: 0 | J14: 0
B15: A-08-01 | C15: IMPUESTOS | D15: 10000000 | E15: 0 | F15: 0 | G15: 10000000 | H15: 0 | I15: 0 | J15: 0
B16: A-08-03 | C16: TASAS Y DERECHOS ADMINISTRATIVOS | D16: 10000000 | E16: 0 | F16: 0 | G16: 10000000 | H16: 0 | I16: 0 | J16: 0
B17: A-08-04-01 | C17: CUOTA DE FISCALIZACIÓN Y AUDITAJE | D17: 577000000 | E17: 0 | F17: 0 | G17: 577000000 | H17: 0 | I17: 0 | J17: 0
C18: INVERSION | D18: =SUM(D19:D36) -> 532000000000 | E18: =SUM(E19:E36) -> 70000000000 | F18: =SUM(F19:F36) -> 48758804097 | G18: =SUM(G19:G36) -> 413241195903 | H18: =SUM(H19:H36) -> 31724813803 | I18: =SUM(I19:I36) -> 5747226741 | J18: =SUM(J19:J36) -> 5747226741
B19: C-4301-1604-8 | C19: APOYO A LA EDUCACIÓN FÍSICA EXTRAESCOLAR Y EL DEPORTE FORMATIVO PARA LA INFANCIA, ADOLESCENCIA Y JUVENTUD A NIVEL NACIONAL | D19: 73269266052 | E19: 42569266052 | F19: 405585524 | G19: 30294414476 | H19: 257524 | I19: 0 | J19: 0
B20: C-4301-1604-9 | C20: DESARROLLO DE LA ACTIVIDAD FÍSICA Y LOS HÁBITOS Y ESTILOS DE VIDA SALUDABLE A NIVEL NACIONAL | D20: 8750000000 | E20: 0 | F20: 212472098 | G20: 8537527902 | H20: 2472098 | I20: 0 | J20: 0
B21: C-4301-1604-10 | C21: DESARROLLO DE LA RECREACIÓN A NIVEL NACIONAL | D21: 8403000000 | E21: 0 | F21: 229600000 | G21: 8173400000 | H21: 0 | I21: 0 | J21: 0
B22: C-4301-1604-11 | C22: DESARROLLO AL DEPORTE SOCIAL COMUNITARIO NACIONAL | D22: 7782000000 | E22: 0 | F22: 290599606 | G22: 7491400394 | H22: 1282062 | I22: 0 | J22: 0
B23: C-4301-1604-12 | C23: DESARROLLO DEL DEPORTE ESCOLAR COMO HERRAMIENTA DE CONVIVENCIA Y PAZ NACIONAL | D23: 9230000000 | E23: 0 | F23: 213500000 | G23: 9016500000 | H23: 0 | I23: 0 | J23: 0
B24: C-4302-1604-16 | C24: APOYO A LA INFRAESTRUCTURA DEPORTIVA, RECREATIVA Y DE LA ACTIVIDAD FÍSICA A NIVEL NACIONAL | D24: 175651000000 | E24: 0 | F24: 1823442724 | G24: 173827557276 | H24: 1639642724 | I24: 0 | J24: 0
B25: C-4302-1604-17 | C25: APOYO A LA INFRAESTRUCTURA DE ALTA COMPETENCIA A NIVEL NACIONAL | D25: 62490000000 | E25: 6500000000 | F25: 238778285 | G25: 55751221715 | H25: 19425387225 | I25: 0 | J25: 0
B26: C-4302-1604-18 | C26: DESARROLLO DEL SISTEMA PARALÍMPICO PARA EL POSICIONAMIENTO Y LIDERAZGO DEPORTIVO NACIONAL | D26: 13299733948 | E26: 1266283948 | F26: 6546537600 | G26: 5486912400 | H26: 2918195878 | I26: 244708278 | J26: 244708278
B27: C-4302-1604-19 | C27: DESARROLLO AL DEPORTE DEL SISTEMA OLÍMPICO Y CONVENCIONAL PARA EL POSICIONAMIENTO Y LIDERAZGO DEPORTIVO NACIONAL | D27: 96155000000 | E27: 19664450000 | F27: 34470959380 | G27: 42019590620 | H27: 6742789250 | I27: 5501870473 | J27: 5501870473
B28: C-4302-1604-20 | C28: DESARROLLO DE POLÍTICAS PÚBLICAS E INVESTIGACIÓN SECTORIAL A NIVEL NACIONAL | D28: 1000000000 | E28: 0 | F28: 42842800 | G28: 957157200 | H28: 42842800 | I28: 0 | J28: 0
B29: C-4302-1604-21 | C29: ASISTENCIA A LA COOPERACIÓN INTERNACIONAL DEL SECTOR A NIVEL NACIONAL | D29: 1200000000 | E29: 0 | F29: 0 | G29: 1200000000 | H29: 0 | I29: 0 | J29: 0
B30: C-4302-1604-22 | C30: APOYO A LA ORGANIZACIÓN DE EVENTOS DEPORTIVOS PARA LA PREPARACIÓN DE ATLETAS Y LA PROMOCIÓN DEL DEPORTE NACIONAL | D30: 45620000000 | E30: 0 | F30: 67854587 | G30: 45552145413 | H30: 1354587 | I30: 0 | J30: 0
... B36: C-4399-1604-9 | C36: APOYO AL FORTALECIMIENTO DEL SECTOR A NIVEL NACIONAL | D36: 5950000000 | E36: 0 | F36: 665883095 | G36: 5284116905 | H36: 541780639 | I36: 647990 | J36: 647990
C37: PRESUPUSTO TOTAL | D37: 569055371065 | E37: 70000000000 | F37: 5.2157115e+10 | G37: 4.4689826e+11 | H37: 3.5784328e+10 | I37: 8.6995196e+09 | J37: 8.6995196e+09

Sheet MARZO - PROYECTO
B1: 2019
B2: Actual
B3: Marzo
B4: RUBRO | C4: DESCRIPCION | D4: APR. VIGENTE | E4: APR BLOQUEADA | F4: CDP | G4: APR. DISPONIBLE | H4: COMPROMISO | I4: OBLIGACION | J4: PAGOS
C5: FUNCIONAMIENTO | D5: =SUM(D6:D17) -> 37055371065 | E5: =SUM(E6:E17) -> 0 | F5: =SUM(F6:F17) -> 2943418200 | G5: =SUM(G6:G17) -> 34111952865 | H5: =SUM(H6:H17) -> 2966617402 | I5: =SUM(I6:I17) -> 3258436579 | J5: =SUM(J6:J17) -> 3258436579
B6: A-01-01-01 | C6: SALARIO | D6: 11589000000 | E6: 0 | F6: 789114750 | G6: 10799885250 | H6: 789114750 | I6: 789114750 | J6: 789114750
B7: A-01-01-02 | C7: CONTRIBUCIONES INHERENTES A LA NÓMINA | D7: 3935000000 | E7: 0 | F7: 296359660 | G7: 3638640340 | H7: 296359660 | I7: 296457360 | J7: 296457360
B8: A-01-01-03 | C8: REMUNERACIONES NO CONSTITUTIVAS DE FACTOR SALARIAL | D8: 1337000000 | E8: 0 | F8: 124713954 | G8: 1212286046 | H8: 124713954 | I8: 124713954 | J8: 124713954
B9: A-02-01 | C9: ADQUISICIÓN DE ACTIVOS NO FINANCIEROS | D9: 10000000 | E9: 0 | F9: 0 | G9: 10000000 | H9: 0 | I9: 0 | J9: 0
B10: A-02-02 | C10: ADQUISICIONES DIFERENTES DE ACTIVOS | D10: 3952371065 | E10: 0 | F10: 229732377 | G10: 3722638688 | H10: 252931579 | I10: 5.1480374e+08 | J10: 5.1480374e+08
B11: A-03-03-04-048 | C11: ESCUELA NACIONAL DEL DEPORTE - ART. 51 DECRETO 2845 DE 1984 | D11: 14085000000 | E11: 0 | F11: 1497389758 | G11: 12587610242 | H11: 1497389758 | I11: 1497389758 | J11: 1497389758
B12: A-03-04-02-001 | C12: MESADAS PENSIONALES (DE PENSIONES) | D12: 1403000000 | E12: 0 | F12: 2791912 | G12: 1400208088 | H12: 2791912 | I12: 30592934 | J12: 30592934
B13: A-03-04-02-012 | C13: INCAPACIDADES Y LICENCIAS DE MATERNIDAD Y PATERNIDAD (NO DE PENSIONES) | D13: 56000000 | E13: 0 | F13: 3315789 | G13: 52684211 | H13: 3315789 | I13: 5364086 | J13: 5364086
B14: A-03-10-01-001 | C14: SENTENCIAS | D14: 91000000 | E14: 0 | F14: 0 | G14: 91000000 | H14: 0 | I14: 0 | J14: 0
B15: A-08-01 | C15: IMPUESTOS | D15: 10000000 | E15: 0 | F15: 0 | G15: 10000000 | H15: 0 | I15: 0 | J15: 0
B16: A-08-03 | C16: TASAS Y DERECHOS ADMINISTRATIVOS | D16: 10000000 | E16: 0 | F16: 0 | G16: 10000000 | H16: 0 | I16: 0 | J16: 0
B17: A-08-04-01 | C17: CUOTA DE FISCALIZACIÓN Y AUDITAJE | D17: 577000000 | E17: 0 | F17: 0 | G17: 577000000 | H17: 0 | I17: 0 | J17: 0
C18: INVERSION | D18: =SUM(D19:D36) -> 532000000000 | E18: =SUM(E19:E36) -> 70000000000 | F18: =SUM(F19:F36) -> 3.5466958e+10 | G18: =SUM(G19:G36) -> 4.2653304e+11 | H18: =SUM(H19:H36) -> 3.2627813e+10 | I18: =SUM(I19:I36) -> 14075664488 | J18: =SUM(J19:J36) -> 14075664488
B19: C-4301-1604-8 | C19: APOYO A LA EDUCACIÓN FÍSICA EXTRAESCOLAR Y EL DEPORTE FORMATIVO PARA LA INFANCIA, ADOLESCENCIA Y JUVENTUD A NIVEL NACIONAL | D19: 73269266052 | E19: 42569266052 | F19: 274322154 | G19: 30425677846 | H19: 405986154 | I19: 1532666 | J19: 1532666
B20: C-4301-1604-9 | C20: DESARROLLO DE LA ACTIVIDAD FÍSICA Y LOS HÁBITOS Y ESTILOS DE VIDA SALUDABLE A NIVEL NACIONAL | D20: 8750000000 | E20: 0 | F20: 4104047543 | G20: 4645952457 | H20: 175347543 | I20: 2418847 | J20: 2418847
B21: C-4301-1604-10 | C21: DESARROLLO DE LA RECREACIÓN A NIVEL NACIONAL | D21: 8403000000 | E21: 0 | F21: 4022717568 | G21: 4380282432 | H21: 226817568 | I21: 0 | J21: 0
B22: C-4301-1604-11 | C22: DESARROLLO AL DEPORTE SOCIAL COMUNITARIO NACIONAL | D22: 7782000000 | E22: 0 | F22: 2476889190 | G22: 5305110810 | H22: 291764190 | I22: 416876 | J22: 416876
B23: C-4301-1604-12 | C23: DESARROLLO DEL DEPORTE ESCOLAR COMO HERRAMIENTA DE CONVIVENCIA Y PAZ NACIONAL | D23: 9230000000 | E23: 0 | F23: 4844209136 | G23: 4385790864 | H23: 178640386 | I23: 0 | J23: 0
B24: C-4302-1604-16 | C24: APOYO A LA INFRAESTRUCTURA DEPORTIVA, RECREATIVA Y DE LA ACTIVIDAD FÍSICA A NIVEL NACIONAL | D24: 175651000000 | E24: 0 | F24: 494358489 | G24: 175156641511 | H24: 336963739 | I24: 794565940 | J24: 794565940
B25: C-4302-1604-17 | C25: APOYO A LA INFRAESTRUCTURA DE ALTA COMPETENCIA A NIVEL NACIONAL | D25: 62490000000 | E25: 6500000000 | F25: 72967523 | G25: 55917032477 | H25: 4042792157 | I25: 7688218148 | J25: 7688218148
B26: C-4302-1604-18 | C26: DESARROLLO DEL SISTEMA PARALÍMPICO PARA EL POSICIONAMIENTO Y LIDERAZGO DEPORTIVO NACIONAL | D26: 13299733948 | E26: 1266283948 | F26: 411633000 | G26: 11621817000 | H26: 1721939278 | I26: 2026029878 | J26: 2026029878
B27: C-4302-1604-19 | C27: DESARROLLO AL DEPORTE DEL SISTEMA OLÍMPICO Y CONVENCIONAL PARA EL POSICIONAMIENTO Y LIDERAZGO DEPORTIVO NACIONAL | D27: 96155000000 | E27: 19664450000 | F27: 12836564213 | G27: 63653985787 | H27: 22937034092 | I27: 3492749918 | J27: 3492749918
B28: C-4302-1604-20 | C28: DESARROLLO DE POLÍTICAS PÚBLICAS E INVESTIGACIÓN SECTORIAL A NIVEL NACIONAL | D28: 1000000000 | E28: 0 | F28: 139642618 | G28: 860357382 | H28: 139642618 | I28: 0 | J28: 0
B29: C-4302-1604-21 | C29: ASISTENCIA A LA COOPERACIÓN INTERNACIONAL DEL SECTOR A NIVEL NACIONAL | D29: 1200000000 | E29: 0 | F29: 131811837 | G29: 1068188163 | H29: 131811837 | I29: 0 | J29: 0
B30: C-4302-1604-22 | C30: APOYO A LA ORGANIZACIÓN DE EVENTOS DEPORTIVOS PARA LA PREPARACIÓN DE ATLETAS Y LA PROMOCIÓN DEL DEPORTE NACIONAL | D30: 45620000000 | E30: 0 | F30: 1525851616 | G30: 44094148384 | H30: 392010866 | I30: 1174458 | J30: 1174458
... B36: C-4399-1604-9 | C36: APOYO AL FORTALECIMIENTO DEL SECTOR A NIVEL NACIONAL | D36: 5950000000 | E36: 0 | F36: 203527870 | G36: 5746472130 | H36: 80299983 | I36: 23835013 | J36: 23835013
C37: PRESUPUSTO TOTAL | D37: =+D18+D5 -> 569055371065 | E37: =+E18+E5 -> 70000000000 | F37: =+F18+F5 -> 3.8410376e+10 | G37: =+G18+G5 -> 4.6064499e+11 | H37: =+H18+H5 -> 3.559443e+10 | I37: =+I18+I5 -> 17334101067 | J37: =+J5+J18 -> 17334101067

Sheet ABRIL - PROYECTO
B1: 2019
B2: Actual
B3: Abril
B4: RUBRO | C4: DESCRIPCION | D4: APR. VIGENTE | E4: APR BLOQUEADA | F4: CDP | G4: APR. DISPONIBLE | H4: COMPROMISO | I4: OBLIGACION | J4: PAGOS
C5: FUNCIONAMIENTO | D5: =SUM(D6:D17) -> 37055371065 | E5: =SUM(E6:E17) -> 0 | F5: =SUM(F6:F17) -> 2584804807 | G5: =SUM(G6:G17) -> 34470566258 | H5: =SUM(H6:H17) -> 2.3666777e+09 | I5: =SUM(I6:I17) -> 2.8325926e+09 | J5: =SUM(J6:J17) -> 2.832066e+09
B6: A-01-01-01 | C6: SALARIO | D6: 11589000000 | E6: 0 | F6: 804739384 | G6: 10784260616 | H6: 804739384 | I6: 797668141 | J6: 797668141
B7: A-01-01-02 | C7: CONTRIBUCIONES INHERENTES A LA NÓMINA | D7: 3935000000 | E7: 0 | F7: 311957119 | G7: 3623042881 | H7: 311957119 | I7: 311187519 | J7: 311187519
B8: A-01-01-03 | C8: REMUNERACIONES NO CONSTITUTIVAS DE FACTOR SALARIAL | D8: 1337000000 | E8: 0 | F8: 136829794 | G8: 1200170206 | H8: 136829794 | I8: 131873927 | J8: 131873927
B9: A-02-01 | C9: ADQUISICIÓN DE ACTIVOS NO FINANCIEROS | D9: 10000000 | E9: 0 | F9: 0 | G9: 10000000 | H9: 272113 | I9: 0 | J9: 0
B10: A-02-02 | C10: ADQUISICIONES DIFERENTES DE ACTIVOS | D10: 3952371065 | E10: 0 | F10: 14159949 | G10: 3938211116 | H10: 45760703 | I10: 501887805 | J10: 501361249
B11: A-03-03-04-048 | C11: ESCUELA NACIONAL DEL DEPORTE - ART. 51 DECRETO 2845 DE 1984 | D11: 14085000000 | E11: 0 | F11: 1.0099553e+09 | G11: 1.3075045e+10 | H11: 1.0099553e+09 | I11: 1.0099553e+09 | J11: 1.0099553e+09
B12: A-03-04-02-001 | C12: MESADAS PENSIONALES (DE PENSIONES) | D12: 1403000000 | E12: 0 | F12: 2.9421753e+08 | G12: 1.1087825e+09 | H12: 44217526 | I12: 70797045 | J12: 70797045
B13: A-03-04-02-012 | C13: INCAPACIDADES Y LICENCIAS DE MATERNIDAD Y PATERNIDAD (NO DE PENSIONES) | D13: 56000000 | E13: 0 | F13: 12945781 | G13: 43054219 | H13: 12945781 | I13: 9222914 | J13: 9222914
B14: A-03-10-01-001 | C14: SENTENCIAS | D14: 91000000 | E14: 0 | F14: 0 | G14: 91000000 | H14: 0 | I14: 0 | J14: 0
B15: A-08-01 | C15: IMPUESTOS | D15: 10000000 | E15: 0 | F15: 0 | G15: 10000000 | H15: 0 | I15: 0 | J15: 0
B16: A-08-03 | C16: TASAS Y DERECHOS ADMINISTRATIVOS | D16: 10000000 | E16: 0 | F16: 0 | G16: 10000000 | H16: 0 | I16: 0 | J16: 0
B17: A-08-04-01 | C17: CUOTA DE FISCALIZACIÓN Y AUDITAJE | D17: 577000000 | E17: 0 | F17: 0 | G17: 577000000 | H17: 0 | I17: 0 | J17: 0
C18: INVERSION | D18: =SUM(D19:D36) -> 532000000000 | E18: =SUM(E19:E36) -> 70000000000 | F18: =SUM(F19:F36) -> 4.8401258e+10 | G18: =SUM(G19:G36) -> 4.1359874e+11 | H18: =SUM(H19:H36) -> 6.3742618e+10 | I18: =SUM(I19:I36) -> 19063469450 | J18: =SUM(J19:J36) -> 19063469450
B19: C-4301-1604-8 | C19: APOYO A LA EDUCACIÓN FÍSICA EXTRAESCOLAR Y EL DEPORTE FORMATIVO PARA LA INFANCIA, ADOLESCENCIA Y JUVENTUD A NIVEL NACIONAL | D19: 73269266052 | E19: 42569266052 | F19: 9289791005 | G19: 21410208995 | H19: 378257524 | I19: 41139466 | J19: 41139466
B20: C-4301-1604-9 | C20: DESARROLLO DE LA ACTIVIDAD FÍSICA Y LOS HÁBITOS Y ESTILOS DE VIDA SALUDABLE A NIVEL NACIONAL | D20: 8750000000 | E20: 0 | F20: 2516979 | G20: 8747483021 | H20: 2186116979 | I20: 17489575 | J20: 17489575
B21: C-4301-1604-10 | C21: DESARROLLO DE LA RECREACIÓN A NIVEL NACIONAL | D21: 8403000000 | E21: 0 | F21: 24888568 | G21: 8378111432 | H21: 1806488568 | I21: 21297568 | J21: 21297568
B22: C-4301-1604-11 | C22: DESARROLLO AL DEPORTE SOCIAL COMUNITARIO NACIONAL | D22: 7782000000 | E22: 0 | F22: 21003084 | G22: 7760996916 | H22: 804220628 | I22: 21784885 | J22: 21784885
B23: C-4301-1604-12 | C23: DESARROLLO DEL DEPORTE ESCOLAR COMO HERRAMIENTA DE CONVIVENCIA Y PAZ NACIONAL | D23: 9230000000 | E23: 0 | F23: 130991592 | G23: 9099008408 | H23: 1698176342 | I23: 15117053 | J23: 15117053
B24: C-4302-1604-16 | C24: APOYO A LA INFRAESTRUCTURA DEPORTIVA, RECREATIVA Y DE LA ACTIVIDAD FÍSICA A NIVEL NACIONAL | D24: 175651000000 | E24: 0 | F24: 47561438 | G24: 175603438562 | H24: 303349488 | I24: 11743597963 | J24: 11743597963
B25: C-4302-1604-17 | C25: APOYO A LA INFRAESTRUCTURA DE ALTA COMPETENCIA A NIVEL NACIONAL | D25: 62490000000 | E25: 6500000000 | F25: 53930191 | G25: 55936069809 | H25: 17698001556 | I25: 36415713 | J25: 36415713
B26: C-4302-1604-18 | C26: DESARROLLO DEL SISTEMA PARALÍMPICO PARA EL POSICIONAMIENTO Y LIDERAZGO DEPORTIVO NACIONAL | D26: 13299733948 | E26: 1266283948 | F26: 1102483082 | G26: 10930966918 | H26: 245889366 | I26: 198565400 | J26: 198565400
B27: C-4302-1604-19 | C27: DESARROLLO AL DEPORTE DEL SISTEMA OLÍMPICO Y CONVENCIONAL PARA EL POSICIONAMIENTO Y LIDERAZGO DEPORTIVO NACIONAL | D27: 96155000000 | E27: 19664450000 | F27: 5635695529 | G27: 70854854471 | H27: 6397821721 | I27: 5981966307 | J27: 5981966307
B28: C-4302-1604-20 | C28: DESARROLLO DE POLÍTICAS PÚBLICAS E INVESTIGACIÓN SECTORIAL A NIVEL NACIONAL | D28: 1000000000 | E28: 0 | F28: 16000000 | G28: 984000000 | H28: 16000000 | I28: 16703018 | J28: 16703018
B29: C-4302-1604-21 | C29: ASISTENCIA A LA COOPERACIÓN INTERNACIONAL DEL SECTOR A NIVEL NACIONAL | D29: 1200000000 | E29: 0 | F29: 0 | G29: 1200000000 | H29: 0 | I29: 6995170 | J29: 6995170
B30: C-4302-1604-22 | C30: APOYO A LA ORGANIZACIÓN DE EVENTOS DEPORTIVOS PARA LA PREPARACIÓN DE ATLETAS Y LA PROMOCIÓN DEL DEPORTE NACIONAL | D30: 45620000000 | E30: 0 | F30: 31127088420 | G30: 14492911580 | H30: 28447305170 | I30: 347366375 | J30: 347366375
... B36: C-4399-1604-9 | C36: APOYO AL FORTALECIMIENTO DEL SECTOR A NIVEL NACIONAL | D36: 5950000000 | E36: 0 | F36: 278899254 | G36: 5671100746 | H36: 280259501 | I36: 88184444 | J36: 88184444
C37: PRESUPUSTO TOTAL | D37: =+D18+D5 -> 569055371065 | E37: =+E18+E5 -> 70000000000 | F37: =+F18+F5 -> 5.0986063e+10 | G37: =+G18+G5 -> 4.4806931e+11 | H37: =+H18+H5 -> 6.6109296e+10 | I37: =+I18+I5 -> 21896062055 | J37: =+J18+J5 -> 21895535499

Sheet MAYO - PROYECTO
B1: 2019
B2: Actual
B3: Mayo
B4: RUBRO | C4: DESCRIPCION | D4: APR. VIGENTE | E4: APR BLOQUEADA | F4: CDP | G4: APR. DISPONIBLE | H4: COMPROMISO | I4: OBLIGACION | J4: PAGOS
C5: FUNCIONAMIENTO | D5: =SUM(D6:D17) -> 37055371065 | E5: =SUM(E6:E17) -> 0 | F5: =SUM(F6:F17) -> 2163488191 | G5: =SUM(G6:G17) -> 34891882874 | H5: =SUM(H6:H17) -> 2.4109337e+09 | I5: =SUM(I6:I17) -> 2.7108305e+09 | J5: =SUM(J6:J17) -> 2.7108305e+09
B6: A-01-01-01 | C6: SALARIO | D6: 11589000000 | E6: 0 | F6: 766282989 | G6: 10822717011 | H6: 766282989 | I6: 773354232 | J6: 773354232
B7: A-01-01-02 | C7: CONTRIBUCIONES INHERENTES A LA NÓMINA | D7: 3935000000 | E7: 0 | F7: 275064800 | G7: 3659935200 | H7: 275064800 | I7: 275834400 | J7: 275834400
B8: A-01-01-03 | C8: REMUNERACIONES NO CONSTITUTIVAS DE FACTOR SALARIAL | D8: 1337000000 | E8: 0 | F8: 120850915 | G8: 1216149085 | H8: 120850915 | I8: 125806782 | J8: 125806782
B9: A-02-01 | C9: ADQUISICIÓN DE ACTIVOS NO FINANCIEROS | D9: 10000000 | E9: 0 | F9: 0 | G9: 10000000 | H9: 0 | I9: 272113 | J9: 272113
B10: A-02-02 | C10: ADQUISICIONES DIFERENTES DE ACTIVOS | D10: 4202371065 | E10: 0 | F10: 180944327 | G10: 4021426738 | H10: 1.7838987e+08 | I10: 4.3491542e+08 | J10: 4.3491542e+08
B11: A-03-03-04-048 | C11: ESCUELA NACIONAL DEL DEPORTE - ART. 51 DECRETO 2845 DE 1984 | D11: 14085000000 | E11: 0 | F11: 1.0563267e+09 | G11: 1.3028673e+10 | H11: 1.0563267e+09 | I11: 1.0563267e+09 | J11: 1.0563267e+09
B12: A-03-04-02-001 | C12: MESADAS PENSIONALES (DE PENSIONES) | D12: 1153000000 | E12: 0 | F12: -2.4985391e+08 | G12: 1.4028539e+09 | H12: 146090.94 | I12: 26725610 | J12: 26725610
B13: A-03-04-02-012 | C13: INCAPACIDADES Y LICENCIAS DE MATERNIDAD Y PATERNIDAD (NO DE PENSIONES) | D13: 56000000 | E13: 0 | F13: 13872380 | G13: 42127620 | H13: 13872380 | I13: 17595247 | J13: 17595247
B14: A-03-10-01-001 | C14: SENTENCIAS | D14: 91000000 | E14: 0 | F14: 0 | G14: 91000000 | H14: 0 | I14: 0 | J14: 0
B15: A-08-01 | C15: IMPUESTOS | D15: 10000000 | E15: 0 | F15: 0 | G15: 10000000 | H15: 0 | I15: 0 | J15: 0
B16: A-08-03 | C16: TASAS Y DERECHOS ADMINISTRATIVOS | D16: 10000000 | E16: 0 | F16: 0 | G16: 10000000 | H16: 0 | I16: 0 | J16: 0
B17: A-08-04-01 | C17: CUOTA DE FISCALIZACIÓN Y AUDITAJE | D17: 577000000 | E17: 0 | F17: 0 | G17: 577000000 | H17: 0 | I17: 0 | J17: 0
D18: =SUM(D19:D36) -> 532000000000 | E18: =SUM(E19:E36) -> 70000000000 | F18: =SUM(F19:F36) -> 2.6717247e+10 | G18: =SUM(G19:G36) -> 4.3528275e+11 | H18: =SUM(H19:H36) -> 4.1880663e+10 | I18: =SUM(I19:I36) -> 2.739545e+10 | J18: =SUM(J19:J36) -> 2.739545e+10
B19: C-4301-1604-8 | C19: APOYO A LA EDUCACIÓN FÍSICA EXTRAESCOLAR Y EL DEPORTE FORMATIVO PARA LA INFANCIA, ADOLESCENCIA Y JUVENTUD A NIVEL NACIONAL | D19: 73269266052 | E19: 42569266052 | F19: 15990933818 | G19: 14709066182 | H19: 21384803103 | I19: 59362401 | J19: 59362401
B20: C-4301-1604-9 | C20: DESARROLLO DE LA ACTIVIDAD FÍSICA Y LOS HÁBITOS Y ESTILOS DE VIDA SALUDABLE A NIVEL NACIONAL | D20: 8750000000 | E20: 0 | F20: 2332962315 | G20: 6417037685 | H20: 3613222315 | I20: 589757912 | J20: 589757912
B21: C-4301-1604-10 | C21: DESARROLLO DE LA RECREACIÓN A NIVEL NACIONAL | D21: 8403000000 | E21: 0 | F21: 2398171715 | G21: 6004828285 | H21: 1439071715 | I21: 36692744 | J21: 36692744
B22: C-4301-1604-11 | C22: DESARROLLO AL DEPORTE SOCIAL COMUNITARIO NACIONAL | D22: 7782000000 | E22: 0 | F22: 2990447789 | G22: 4791552211 | H22: 2355522789 | I22: 38597303 | J22: 38597303
B23: C-4301-1604-12 | C23: DESARROLLO DEL DEPORTE ESCOLAR COMO HERRAMIENTA DE CONVIVENCIA Y PAZ NACIONAL | D23: 9230000000 | E23: 0 | F23: 634969597 | G23: 8595030403 | H23: 2799313597 | I23: 29511983 | J23: 29511983
B24: C-4302-1604-16 | C24: APOYO A LA INFRAESTRUCTURA DEPORTIVA, RECREATIVA Y DE LA ACTIVIDAD FÍSICA A NIVEL NACIONAL | D24: 175651000000 | E24: 0 | F24: 548092681 | G24: 175102907319 | H24: 3.0891081e+08 | I24: 3515753945 | J24: 3515753945
B25: C-4302-1604-17 | C25: APOYO A LA INFRAESTRUCTURA DE ALTA COMPETENCIA A NIVEL NACIONAL | D25: 62490000000 | E25: 6500000000 | F25: 49782785 | G25: 55940217215 | H25: 1432495595 | I25: 42670691 | J25: 42670691
B26: C-4302-1604-18 | C26: DESARROLLO DEL SISTEMA PARALÍMPICO PARA EL POSICIONAMIENTO Y LIDERAZGO DEPORTIVO NACIONAL | D26: 13299733948 | E26: 1266283948 | F26: 0 | G26: 12033450000 | H26: 377262916 | I26: 518340182 | J26: 518340182
B27: C-4302-1604-19 | C27: DESARROLLO AL DEPORTE DEL SISTEMA OLÍMPICO Y CONVENCIONAL PARA EL POSICIONAMIENTO Y LIDERAZGO DEPORTIVO NACIONAL | D27: 96155000000 | E27: 19664450000 | F27: 217186939 | G27: 76273363061 | H27: 7023037211 | I27: 7033959749 | J27: 7033959749
B28: C-4302-1604-20 | C28: DESARROLLO DE POLÍTICAS PÚBLICAS E INVESTIGACIÓN SECTORIAL A NIVEL NACIONAL | D28: 1000000000 | E28: 0 | F28: 123384057 | G28: 876615943 | H28: 123384057 | I28: 27433300 | J28: 27433300
B29: C-4302-1604-21 | C29: ASISTENCIA A LA COOPERACIÓN INTERNACIONAL DEL SECTOR A NIVEL NACIONAL | D29: 1200000000 | E29: 0 | F29: 941200000 | G29: 258800000 | H29: 0 | I29: 18500000 | J29: 18500000
B30: C-4302-1604-22 | C30: APOYO A LA ORGANIZACIÓN DE EVENTOS DEPORTIVOS PARA LA PREPARACIÓN DE ATLETAS Y LA PROMOCIÓN DEL DEPORTE NACIONAL | D30: 45620000000 | E30: 0 | F30: -624811599 | G30: 46244811599 | H30: 423201651 | I30: 14389405260 | J30: 14389405260
... B36: C-4399-1604-9 | C36: APOYO AL FORTALECIMIENTO DEL SECTOR A NIVEL NACIONAL | D36: 5950000000 | E36: 0 | F36: 106554081 | G36: 5843445919 | H36: 205257510 | I36: 108202043 | J36: 108202043
D37: =+D5+D18 -> 569055371065 | E37: =+E5+E18 -> 70000000000 | F37: =+F5+F18 -> 2.8880736e+10 | G37: =+G5+G18 -> 4.7017464e+11 | H37: =+H5+H18 -> 4.4291596e+10 | I37: =+I5+I18 -> 3.0106281e+10 | J37: =+J5+J18 -> 3.0106281e+10

Sheet JUNIO-PROYECTO
B1: Año Fiscal:
B2: Vigencia:
B3: Periodo:
B4: RUBRO | C4: DESCRIPCION | D4: APR. VIGENTE | E4: APR BLOQUEADA | F4: CDP | G4: APR. DISPONIBLE | H4: COMPROMISO | I4: OBLIGACION | J4: PAGOS
C5: FUNCIONAMIENTO | D5: =SUM(D6:D17) -> 37055371065 | E5: =SUM(E6:E17) -> 0 | F5: =SUM(F6:F17) -> 3.6079291e+09 | G5: =SUM(G6:G17) -> 3.3447442e+10 | H5: =SUM(H6:H17) -> 3.7326491e+09 | I5: =SUM(I6:I17) -> 3.9200572e+09 | J5: =SUM(J6:J17) -> 3.8645935e+09
B6: A-01-01-01 | C6: SALARIO | D6: 11589000000 | E6: 0 | F6: 1198527367 | G6: 10390472633 | H6: 1198527367 | I6: 1196494544 | J6: 1196494544
B7: A-01-01-02 | C7: CONTRIBUCIONES INHERENTES A LA NÓMINA | D7: 3935000000 | E7: 0 | F7: 394200609 | G7: 3540799391 | H7: 394200609 | I7: 379060512 | J7: 379060512
B8: A-01-01-03 | C8: REMUNERACIONES NO CONSTITUTIVAS DE FACTOR SALARIAL | D8: 1337000000 | E8: 0 | F8: 252024367 | G8: 1084975633 | H8: 252024367 | I8: 248622130 | J8: 193158474
B9: A-02-01 | C9: ADQUISICIÓN DE ACTIVOS NO FINANCIEROS | D9: 10000000 | E9: 0 | F9: 0 | G9: 10000000 | H9: 0 | I9: 0 | J9: 0
B10: A-02-02 | C10: ADQUISICIONES DIFERENTES DE ACTIVOS | D10: 4202371065 | E10: 0 | F10: 4797992 | G10: 4197573073 | H10: 1.2951792e+08 | I10: 301500000 | J10: 301500000
B11: A-03-03-04-048 | C11: ESCUELA NACIONAL DEL DEPORTE - ART. 51 DECRETO 2845 DE 1984 | D11: 14085000000 | E11: 0 | F11: 1.7411177e+09 | G11: 1.2343882e+10 | H11: 1.7411177e+09 | I11: 1.7411177e+09 | J11: 1.7411177e+09
B12: A-03-04-02-001 | C12: MESADAS PENSIONALES (DE PENSIONES) | D12: 1153000000 | E12: 0 | F12: 0 | G12: 1153000000 | H12: 0 | I12: 53159042 | J12: 53159042
B13: A-03-04-02-012 | C13: INCAPACIDADES Y LICENCIAS DE MATERNIDAD Y PATERNIDAD (NO DE PENSIONES) | D13: 56000000 | E13: 0 | F13: 17261153 | G13: 38738847 | H13: 17261153 | I13: 103277 | J13: 103277
B14: A-03-10-01-001 | C14: SENTENCIAS | D14: 91000000 | E14: 0 | F14: 0 | G14: 91000000 | H14: 0 | I14: 0 | J14: 0
B15: A-08-01 | C15: IMPUESTOS | D15: 10000000 | E15: 0 | F15: 0 | G15: 10000000 | H15: 0 | I15: 0 | J15: 0
B16: A-08-03 | C16: TASAS Y DERECHOS ADMINISTRATIVOS | D16: 10000000 | E16: 0 | F16: 0 | G16: 10000000 | H16: 0 | I16: 0 | J16: 0
B17: A-08-04-01 | C17: CUOTA DE FISCALIZACIÓN Y AUDITAJE | D17: 577000000 | E17: 0 | F17: 0 | G17: 577000000 | H17: 0 | I17: 0 | J17: 0
C18: INVERSION | D18: =SUM(D19:D36) -> 532000000000 | E18: =SUM(E19:E36) -> 70000000000 | F18: =SUM(F19:F36) -> 1.3596256e+10 | G18: =SUM(G19:G36) -> 4.4840374e+11 | H18: =SUM(H19:H36) -> 12919410256 | I18: =SUM(I19:I36) -> 1.8e+10 | J18: =SUM(J19:J36) -> 1.791122e+10
B19: C-4301-1604-8 | C19: APOYO A LA EDUCACIÓN FÍSICA EXTRAESCOLAR Y EL DEPORTE FORMATIVO PARA LA INFANCIA, ADOLESCENCIA Y JUVENTUD A NIVEL NACIONAL | D19: 73269266052 | E19: 42569266052 | F19: 447079948 | G19: 30252920052 | H19: 3433603128 | I19: 6259001593 | J19: 6259001593
B20: C-4301-1604-9 | C20: DESARROLLO DE LA ACTIVIDAD FÍSICA Y LOS HÁBITOS Y ESTILOS DE VIDA SALUDABLE A NIVEL NACIONAL | D20: 8750000000 | E20: 0 | F20: 19334613 | G20: 8730665387 | H20: 136492633 | I20: 1335163279 | J20: 1335163279
B21: C-4301-1604-10 | C21: DESARROLLO DE LA RECREACIÓN A NIVEL NACIONAL | D21: 8403000000 | E21: 0 | F21: 306709309 | G21: 8096290691 | H21: 1594709309 | I21: 227388299 | J21: 200231802
B22: C-4301-1604-11 | C22: DESARROLLO AL DEPORTE SOCIAL COMUNITARIO NACIONAL | D22: 7782000000 | E22: 0 | F22: 247471200 | G22: 7534528800 | H22: 2133219638 | I22: 941340327 | J22: 941340327
B23: C-4301-1604-12 | C23: DESARROLLO DEL DEPORTE ESCOLAR COMO HERRAMIENTA DE CONVIVENCIA Y PAZ NACIONAL | D23: 9230000000 | E23: 0 | F23: 129503055 | G23: 9100496945 | H23: 202003055 | I23: 390898663 | J23: 390898663
B24: C-4302-1604-16 | C24: APOYO A LA INFRAESTRUCTURA DEPORTIVA, RECREATIVA Y DE LA ACTIVIDAD FÍSICA A NIVEL NACIONAL | D24: 175651000000 | E24: 0 | F24: 8.8036018e+09 | G24: 1.668474e+11 | H24: 119361493 | I24: 3208012423 | J24: 3208012423
B25: C-4302-1604-17 | C25: APOYO A LA INFRAESTRUCTURA DE ALTA COMPETENCIA A NIVEL NACIONAL | D25: 62490000000 | E25: 6500000000 | F25: 322285806 | G25: 55667714194 | H25: 24051996 | I25: 39481814 | J25: 39481814
B26: C-4302-1604-18 | C26: DESARROLLO DEL SISTEMA PARALÍMPICO PARA EL POSICIONAMIENTO Y LIDERAZGO DEPORTIVO NACIONAL | D26: 13299733948 | E26: 1266283948 | F26: 115187400 | G26: 11918262600 | H26: 1228786215 | I26: 285241483 | J26: 285241483
B27: C-4302-1604-19 | C27: DESARROLLO AL DEPORTE DEL SISTEMA OLÍMPICO Y CONVENCIONAL PARA EL POSICIONAMIENTO Y LIDERAZGO DEPORTIVO NACIONAL | D27: 96155000000 | E27: 19664450000 | F27: 552990347 | G27: 75937559653 | H27: 1902190031 | I27: 4659799178 | J27: 4629010387
B28: C-4302-1604-20 | C28: DESARROLLO DE POLÍTICAS PÚBLICAS E INVESTIGACIÓN SECTORIAL A NIVEL NACIONAL | D28: 1000000000 | E28: 0 | F28: 3470655 | G28: 996529345 | H28: 3470655 | I28: 87291557 | J28: 87291557
B29: C-4302-1604-21 | C29: ASISTENCIA A LA COOPERACIÓN INTERNACIONAL DEL SECTOR A NIVEL NACIONAL | D29: 1200000000 | E29: 0 | F29: 591921 | G29: 1199408079 | H29: 1591921 | I29: 18500000 | J29: 18500000
B30: C-4302-1604-22 | C30: APOYO A LA ORGANIZACIÓN DE EVENTOS DEPORTIVOS PARA LA PREPARACIÓN DE ATLETAS Y LA PROMOCIÓN DEL DEPORTE NACIONAL | D30: 45620000000 | E30: 0 | F30: 734642760 | G30: 44885357240 | H30: 1283753500 | I30: 57341742 | J30: 57341742
... B36: C-4399-1604-9 | C36: APOYO AL FORTALECIMIENTO DEL SECTOR A NIVEL NACIONAL | D36: 5950000000 | E36: 0 | F36: 96633340 | G36: 5853366660 | H36: 105744555 | I36: 148740013 | J36: 148740013
C37: TOTAL PRESUPUESTO | D37: 569055371065 | E37: 70000000000 | F37: 1.7204186e+10 | G37: 4.8185119e+11 | H37: 1.6652059e+10 | I37: 2.1920057e+10 | J37: 2.1775814e+10
